 Dungeon Sprint DCSS version 0.31-a0-818-ge7c7cf74f0 (webtiles) character file.

Game seed: 3676414849150210093

0 sircluck the Ruffian (level 1, -9/22 HPs)
             Began as a Troll Berserker on Sept 23, 2023.
             Was a Follower of Trog.
             Killed from afar by a steam dragon (10 damage)
             ... with a ball of steam
             ... in the Dungeon (Sprint VII: "The Pits").
             The game lasted 00:00:17 (42 turns).

sircluck the Ruffian (Troll Berserker)                Turns: 42, Time: 00:00:18

Health: -9/22      AC:  4    Str: 24    XL:     1   Next: 0%
Magic:  0/0        EV: 10    Int:  3    God:    Trog [*.....]
Gold:   0          SH:  0    Dex:  9    Spells: 0/0 levels left

rFire   . .          .
                       - Unarmed
rCold   . . .        (no shield)
rNeg    . . .        a - +0 animal skin
rPois   .            (helmet restricted)
rElec   .            (no cloak)
rCorr   .            (gloves unavailable)
SInv    .            (boots unavailable)
Will    .....        (no amulet)
Stlth   +            (no ring)
HPRegen 1.03/turn    (no ring)
MPRegen 0.07/turn

%: no teleportation
@: on berserk cooldown, slowed, very slow
A: large, unfitting armour, claws 3, regeneration 1, shaggy fur 1, tough skin 1
a: Renounce Religion, Berserk


You were in the Dungeon.
You worshipped Trog.
Trog was aware of your devotion.
You visited 1 branch

Inventory:

Armour
 a - a +0 animal skin (worn)
Scrolls
 g - a scroll of blinking
Potions
 b - a potion of curing
 c - a potion of heal wounds
 d - a potion of haste
 e - 2 potions of magic
 f - a potion of berserk rage


   Skills:
 + Level 2.4 Fighting
 + Level 2.4 Dodging
 + Level 3.0 Unarmed Combat


You couldn't memorise any spells.
You didn't know any spells.
Your spell library was empty.

Dungeon Overview and Level Annotations

Branches:
Dungeon (1/1)

Altars:


Innate Abilities, Weirdness & Mutations

You are too large for most types of armour.
You have claws for hands.
Your natural rate of healing is unusually fast.
You are covered in fur. (AC +1)
You have tough skin. (AC +1)


Message History

There is a huge open gate here.
The steam dragon breathes steam at you. The ball of steam hits you!
You hear a shout!
You're standing in a cloud of steam!
A red film seems to cover your vision as you go berserk!
You feel yourself moving faster!
You feel mighty!
You feel a strong urge to attack something.
The crimson imp shouts!
The steam dragon breathes steam at you. The ball of steam hits you!
You feel your anger nearly subside.
You miss the crimson imp. The crimson imp barely misses you.
You closely miss the crimson imp. You barely miss the crimson imp.
The crimson imp hits you but does no damage.
The steam dragon barely misses you. x2
You scratch the crimson imp.
The crimson imp is moderately wounded.
You are no longer berserk.
You are exhausted.
You feel yourself slow down. The steam dragon barely misses you.
The steam dragon claws you but does no damage.
The crimson imp misses you.
You scratch the crimson imp.
The crimson imp is severely wounded.
The crimson imp hits you.
The steam dragon bites you but does no damage.
The steam dragon barely misses you.
You scratch the crimson imp.
You kill the crimson imp!
Trog accepts your kill.
You are engulfed in a cloud of scalding steam.
Ouch! That really hurt!
* * * LOW HITPOINT WARNING * * *
The steam dragon misses you. The steam dragon claws you.
* * * LOW HITPOINT WARNING * * *
The steam dragon breathes steam at you. The ball of steam hits you!
You die...

####++##########
...........##..#
.#..#......##..#
...........''..#
...........''.§#########
.#..#......##.§.........
...........##.§.@D......
####++##################
..# ..# ..# ..# ..# ..#
..#


You could see a steam dragon (catching breath).

Vanquished Creatures
  A crimson imp (D)
1 creature vanquished.

Notes
Turn   | Place    | Note
-------+----------+-------------------------------------------
     0 | D        | sircluck the Troll Berserker began the quest for the Orb.
     0 | D        | Reached XP level 1. HP: 22/22 MP: 0/0
    28 | D        | Noticed a steam dragon
    28 | D        | Noticed a crimson imp
    42 | D        | Killed a crimson imp
    42 | D        | HP: 1/22 [steam dragon] (13)]
    42 | D        | Killed from afar by a steam dragon

Illustrated notes

Levels and vault maps discovered:
D:        pitsprint [storerooms_1, entrance_room_1, metal_vault_4, armoury_3,
          mini_pit_1, grid_room_1, main_hall_1, silver_pit, the_coven_1,
          the_vestibule_1, steel_vault_2, golden_pit, hallway_of_sentries,
          crystal_vault_5, iron_vault_2, final_vault]

Action                     || total
---------------------------++-------
  Melee: Unarmed           ||     6
 Invoke: Berserk           ||     1
 Armour: Animal skin       ||     9
  Dodge: Dodged            ||     7

Table legend: (Time is in decaauts)
 A = Elapsed time spent in this place.
 B = Non-inter-level travel time spent in this place.
 C = Inter-level travel time spent in this place.
 D = Time resting spent in this place.
 E = Time spent auto-exploring this place.
 F = Levels seen in this place.
 G = Mean time per level.
                   A        B        C        D        E       F      G
               +--------+--------+--------+--------+--------+-----+--------+
         Total |     39 |     39 |      0 |      0 |      0 |   1 |   39.0 |
       Dungeon |     39 |     39 |      0 |      0 |      0 |   1 |   39.0 |
               +--------+--------+--------+--------+--------+-----+--------+

Top non-repeatable levels by time:
       D: 39 daAuts
